 Dungeon Crawl Stone Soup version 0.31-a0-1549-g5ff9445 (webtiles) character file.

Game seed: 9927081201623423198

4743 PublicAnimeNo1 the Toxicologist (level 10, -2/71 HPs)
             Began as a Demonspawn Alchemist on Jan 2, 2024.
             Was a Believer of Kikubaaqudgha.
             Slain by Erica
             ... wielding a +3 scimitar of flaming
              (7 damage)
             ... on level 8 of the Dungeon.
             The game lasted 00:23:26 (10348 turns).

PublicAnimeNo1 the Toxicologist (DsAl)             Turns: 10348, Time: 00:23:26

Health: -2/71      AC: 10    Str: 10    XL:     10   Next: 22%
Magic:  10/14      EV: 14    Int: 38    God:    Kikubaaqudgha [**....]
Gold:   75         SH:  0    Dex: 14    Spells: 5/17 levels left

rFire   . . .        C - +8 Vampire's Tooth {megavamp}
rCold   . . .        (no shield)
rNeg    . . .        r - +3 leather armour
rPois   +            w - +0 hat "Jemap" {rPois Str+2 Int+6}
rElec   .            (no cloak)
rCorr   .            l - +0 pair of gloves
SInv    .            (no boots)
Will    .....        (no amulet)
Stlth   +++          c - +6 ring of intelligence
HPRegen 0.31/turn    f - +6 ring of intelligence
MPRegen 0.14/turn

%: no passive effects
@: agile, constricted
A: antennae 2, yellow scales 2, powered by pain 1, low MP 1
a: Renounce Religion, Unearth Wretches


You were on level 8 of the Dungeon.
You worshipped Kikubaaqudgha.
Kikubaaqudgha was pleased with you.
You visited 2 branches of the dungeon, and saw 9 of its levels.
You also visited: Bailey.

You collected 868 gold pieces.
You spent 793 gold pieces at shops.

Inventory:

Hand Weapons
 C - the +8 Vampire's Tooth (weapon) {megavamp}
   (You bought it in a shop on level 3 of the Dungeon)
Missiles
 d - 2 throwing nets
Armour
 a - a +0 robe
 l - a +0 pair of gloves (worn)
 r - a +3 leather armour (worn)
 u - a +0 buckler
 w - the +0 hat "Jemap" (worn) {rPois Str+2 Int+6}
   (You acquired it on level 8 of the Dungeon)

   Str+2:     It affects your strength (+2).
   Int+6:     It affects your intelligence (+6).
   rPois:     It protects you from poison
 B - a +2 leather armour of poison resistance
Jewellery
 c - a +6 ring of intelligence (left hand)
 f - a +6 ring of intelligence (right hand)
 g - a ring of flight
 j - a +6 ring of strength
Wands
 q - a wand of charming (11)
 s - a wand of flame (26)
 x - a wand of quicksilver (7)
Scrolls
 e - a scroll of identify
 h - 4 scrolls of blinking
 k - 3 scrolls of teleportation
 m - 2 scrolls of fear
 y - 2 scrolls of amnesia
 z - a scroll of poison
Potions
 b - a potion of magic
 i - 5 potions of might
 n - a potion of lignification {unknown}
 o - 2 potions of haste
 p - 4 potions of curing
 v - 2 potions of cancellation
 A - a potion of brilliance


   Skills:
 - Level 4.0 Fighting
 * Level 5.2 Short Blades
 - Level 3.0 Dodging
 + Level 6.4 Stealth
 + Level 4.0 Spellcasting
 - Level 3.0 Conjurations
 + Level 3.8 Fire Magic
 * Level 9.7 Alchemy


You had 5 spell levels left.
You knew the following spells:

 Your Spells              Type           Power      Damage    Failure   Level
a - Sting                 Conj/Alch      100%       1d9       1%          1
b - Mephitic Cloud        Conj/Alch/Air  39%        N/A       2%          3
c - Olgreb's Toxic Radia  Alch           69%        N/A       1%          4
d - Sticky Flame          Fire/Alch      56%        2d10      3%          4

Your spell library contained the following spells:

 Spells                   Type           Power      Damage    Failure   Level
 Cigotuvi's Dreadful Rot  Necr/Alch/Air  64%        N/A       1%          2
 Mercury Vapours          Alch/Air       88%        N/A       1%          2
 Apportation              Tloc           14%        N/A       4%          1
 Necrotise                Necr           28%        1d5       4%          1
 Summon Small Mammal      Summ           28%        N/A       4%          1
 Sublimation of Blood     Necr           7%         N/A       8%          2
 Summon Ice Beast         Ice/Summ       7%         N/A       16%         3
 Vampiric Draining        Necr           7%         2d6       16%         3
 Animate Dead             Necr           7%         N/A       45%         4
 Martyr's Knell           Necr/Summ      7%         N/A       45%         4
 Vhi's Electric Charge    Tloc/Air       14%        N/A       45%         4
 Arcjolt                  Conj/Air       9%         1d19      58%         5
 Curse of Agony           Necr           7%         N/A       80%         5
 Summon Mana Viper        Hex/Summ       7%         N/A       80%         5
 Plasma Beam              Fire/Air       11%        2x1d22    98%         6
 Haunt                    Necr/Summ      3%         N/A       100%        7
 Monstrous Menagerie      Summ           3%         N/A       100%        7
 Borgnjor's Revivificati  Necr           3%         N/A       100%        8
 Death's Door             Necr           3%         N/A       100%        9


Dungeon Overview and Level Annotations

Branches:
Dungeon (8/15)             Temple (1/1) D:5          Bailey (visited)
   Lair: D:8-11

Altars:
Ashenzari
Cheibriados
Dithmenos
Fedhas
Gozag
Hepliaklqana
Kikubaaqudgha
Makhleb
Nemelex Xobeh
Okawaru
Qazlal
Ru
Sif Muna
Trog
Uskayaw
Vehumet
Wu Jian
Xom
Yredelemnul

Shops:
D:3 [?=([   D:5 (   D:7 :

Annotations:
D:7 Jeremiah
D:8 1 runed translucent door, Erica; squeakweiz's ghost, novice MiFi


Innate Abilities, Weirdness & Mutations

You have a pair of antennae on your head.
You are mostly covered in yellow scales. (AC +3)
You sometimes gain a little power by taking damage.
Your magical capacity is low. (-10% MP)


Message History

Casting: Olgreb's Toxic Radiance (dangerous; 1% risk of failure)
Confirm with . or Enter, or press ? or * to list all spells.
You begin to radiate toxic energy.
Erica is poisoned.
The gnoll sergeant is poisoned.
The gnoll is poisoned. x2
The gnoll sergeant looks even sicker.
The gnoll looks even sicker. x2
You hear a shout!
The gnoll hits you from afar with a +0 halberd.
The gnoll hits you from afar with a +0 spear!
Erica casts a spell.
Erica flickers and vanishes!
Deactivating autopickup; reactivate with Ctrl-A.
You barely miss the gnoll sergeant. You hit the gnoll sergeant.
You feel better.
The gnoll sergeant is almost dead.
The gnoll sergeant looks even sicker.
The gnoll looks even sicker. x2
The gnoll hits you but does no damage.
The gnoll sergeant hits you with a +2 heavy spear.
The gnoll hits you from afar with a +0 halberd.
You hit the gnoll sergeant. x2
You kill the gnoll sergeant!
Kikubaaqudgha accepts your kill.
You kill the gnoll!
Kikubaaqudgha accepts your kill.
You kill the gnoll!
Kikubaaqudgha accepts your kill.
Your toxic aura wanes.
Something hits you. Something burns you. Something grabs you.
You are constricted.
You closely miss something. You hit something.
You feel better. Something hits you! Something burns you.
* * * LOW HITPOINT WARNING * * *
You are constricted.
* * * LOW HITPOINT WARNING * * *
You hit something. You barely miss something. Something hits you!
* * * LOW HITPOINT WARNING * * *
You focus on the pain.
You feel agile all of a sudden. Something burns you!
You die...
Kikubaaqudgha rasps: "You have failed me!
Welcome... death!"

#### ######## { ,..#
##...#... #.#
###......## {
###.####........(. #,
#.{......#......#.
#)##@#.#######.^.....
#.).....# ####....
#...)...# #.##.
#.##.##.# #.##. #.
#.##.# #####.##. #
#.##.# ...(..##.
.....# .........
....## ........#
..... .....##.#


There were no monsters in sight!

Vanquished Creatures
  Pikel (D:4)
  An orc knight (Bailey)
  Sigmund (D:5)
  A wyvern (D:7)
  A steam dragon (D:8)
  Edmund (D:4)
  3 ice beasts
  2 orc warriors (Bailey)
  A black bear (D:7)
  An ogre (D:4)
  3 centaurs
  4 lemures (D:4)
  5 kobold brigands
  2 bullfrogs
  A scorpion (D:5)
  3 gnoll sergeants
  3 wights (D:7)
  A howler monkey (D:4)
  2 jellies
  3 bombardier beetles
  2 gnoll boudas
  10 orc priests
  7 hounds
  2 sleepcaps
  6 iguanas
  5 orc wizards
  4 adders
  24 gnolls
  2 shadow imps
  A white imp (D:5)
  A ribbon worm (D:7)
  2 dart slugs
  29 orcs
  6 bats
  8 endoplasms
  6 giant cockroaches
  3 goblins
  3 hobgoblins
  11 jackals
  3 quokkas
  9 ball pythons
  7 frilled lizards
  31 kobolds
  6 rats
  2 butterflies (D:5)
230 creatures vanquished.

Notes
Turn   | Place    | Note
-------+----------+-------------------------------------------
     0 | D:1      | PublicAnimeNo1 the Demonspawn Alchemist began the quest for
                  | the Orb.
     0 | D:1      | Reached XP level 1. HP: 13/13 MP: 3/3
    32 | D:1      | Found a faded altar of an unknown god.
   423 | D:1      | Gained mutation: You are partially covered in yellow
                  | scales. (AC +2) [demonic ancestry]
   423 | D:1      | Reached XP level 2. HP: 18/19 MP: 3/5
  1352 | D:2      | Reached XP level 3. HP: 24/24 MP: 0/6
  1463 | D:2      | Learned a level 3 spell: Mephitic Cloud
  1853 | D:2      | Reached skill level 4 in Alchemy
  1853 | D:2      | Gained mutation: You sometimes gain a little power by
                  | taking damage. [demonic ancestry]
  1853 | D:2      | Reached XP level 4. HP: 16/30 MP: 2/7
  2463 | D:3      | Found Elikh's Weapon Boutique.
  2492 | D:3      | Found Yxol's Antique Armour Emporium.
  2616 | D:3      | Gained mutation: You are mostly covered in yellow scales.
                  | (AC +3) [demonic ancestry]
  2616 | D:3      | Reached XP level 5. HP: 21/35 MP: 2/9
  3128 | D:3      | Learned a level 4 spell: Olgreb's Toxic Radiance
  3172 | D:3      | Found Asimiuwa's Antique Armour Boutique.
  3205 | D:3      | Found Fuwkoen's Magic Scroll Emporium.
  3265 | D:3      | Bought a scroll of identify for 28 gold pieces
  3265 | D:3      | Bought a scroll of blinking for 105 gold pieces
  3301 | D:3      | Found Sumuir's Jewellery Boutique.
  3768 | D:3      | Gained mutation: You have a pair of small antennae on your
                  | head. [demonic ancestry]
  3768 | D:3      | Reached XP level 6. HP: 42/42 MP: 3/10
  4042 | D:3      | Reached skill level 5 in Alchemy
  4187 | D:4      | Reached skill level 1 in Fighting
  4187 | D:4      | Reached skill level 1 in Short Blades
  4734 | D:4      | Noticed Pikel
  4963 | D:4      | Gained mutation: You have a pair of antennae on your head.
                  | [demonic ancestry]
  4963 | D:4      | Reached XP level 7. HP: 47/49 MP: 7/11
  5287 | D:4      | Killed Pikel
  5288 | D:4      | Reached skill level 6 in Alchemy
  5288 | D:4      | Reached XP level 8. HP: 34/58 MP: 7/12
  5615 | D:4      | Noticed Edmund
  5634 | D:4      | Killed Edmund
  5635 | D:4      | Reached skill level 7 in Alchemy
  5693 | D:5      | Entered Level 5 of the Dungeon
  5703 | D:5      | Learned a level 4 spell: Sticky Flame
  6000 | D:5      | Found an opulent altar of Gozag.
  6034 | D:5      | Reached skill level 1 in Fire Magic
  6169 | D:5      | Noticed Sigmund
  6173 | D:5      | Killed Sigmund
  6525 | D:5      | Found a staircase to the Ecumenical Temple.
  6554 | Temple   | Entered the Ecumenical Temple
  6576 | Temple   | Gained mutation: You are clumsy. (Dex -2) [potion of
                  | mutation]
  6576 | Temple   | Lost mutation: You are clumsy. (Dex -2) [potion of
                  | mutation]
  6576 | Temple   | Gained mutation: Your magical capacity is low. (-10% MP)
                  | [potion of mutation]
  6594 | Temple   | Became a worshipper of Kikubaaqudgha
  6912 | D:5      | Found Piomoona's Antique Weapon Emporium.
  6921 | D:5      | Reached skill level 5 in Stealth
  7043 | D:6      | Reached XP level 9. HP: 65/65 MP: 3/12
  7046 | D:6      | Reached skill level 8 in Alchemy
  7279 | D:6      | Found a sacrificial altar of Ru.
  7527 | D:6      | Reached * piety under Kikubaaqudgha
  7527 | D:6      | Received a gift from Kikubaaqudgha
  8005 | D:6      | Identified the +1 robe of the Taurataur {rF+ SInv Stlth-
                  | Archmagi}
  8401 | D:7      | Reached skill level 9 in Alchemy
  8589 | D:7      | Found Fazorr's Book Boutique.
  8655 | D:7      | Found a shimmering altar of Xom.
  8655 | D:7      | Found a burning altar of Makhleb.
  8659 | D:7      | Found an iron altar of Okawaru.
  9068 | D:7      | Noticed Jeremiah
  9119 | D:7      | Found a snail-covered altar of Cheibriados.
  9284 | D:8      | Identified a scroll of acquirement
  9284 | D:8      | Acquired the +0 hat "Jemap" {rPois Str+2 Int+6}
  9424 | D:8      | Found a runed translucent door.
  9425 | D:8      | Noticed squeakweiz's ghost (novice MiFi)
  9543 | D:8      | Found a flagged portal.
  9588 | Bailey   | Entered a bailey
  9634 | Bailey   | Reached ** piety under Kikubaaqudgha
  9638 | Bailey   | Reached XP level 10. HP: 71/71 MP: 2/13
  9641 | Bailey   | Reached skill level 5 in Short Blades
  9870 | Bailey   | Noticed an orc knight
  9889 | Bailey   | Killed an orc knight
  9997 | Bailey   | Found an iron altar of Okawaru.
 10139 | D:3      | Bought the +8 Vampire's Tooth {megavamp} for 660 gold
                  | pieces
 10139 | D:3      | Found the +8 Vampire's Tooth {megavamp}
 10342 | D:8      | Noticed Erica
 10348 | D:8      | Slain by Erica

Illustrated notes

Levels and vault maps discovered:
D:1:      roderic_chinese_lattice_arrival, layout_loops_ring,
          shapermc_ecumenical_altar_venn, nicolae_hexahallways,
          lexackson_kobold_supper
D:2:      cheibrodos_pilgrimage, layout_basic, chequers_serial_rivers_small_b,
          minmay_statues_item, minivault_25, grunt_ministairs_5,
          minmay_door_square, dk_noncrumbling_2
D:3:      layout_loops_corners, serial_shops, shop,
          nicolae_shop_tiny_real_fake_doors, nicolae_shop_just_a_little_nook,
          shop, shop, hex_tiny
D:4:      layout_cave_pods, uniq_edmund, uniq_pikel
D:5:      layout_basic, grunt_gozag_statues, minmay_temple_entry_butterflies,
          serial_shops, kennysheep_little_box, uniq_sigmund
D:6:      layout_rooms, lemuel_crystal_altar, nicolae_elyvilon_temple_path
D:7:      layout_basic, gammafunk_temple_overflow_claw, cheibrodos_worm_habitat,
          serial_shops, shop, uniq_jeremiah
D:8:      layout_loops_cross, gammafunk_ghost_grave, enter_bailey_2,
          nrook_mini_vaults, nrook_campfire, uniq_erica
Temple:   regret_index_temple_waves

Skill      XL: |  1  2  3  4  5  6  7  8  9 10 |
---------------+-------------------------------+-----
Stealth        | 2 3 4 5 6 |  6.4
Conjurations   | 2 3 |  3.0
Alchemy        | 4 5 6 7 9 |  9.7
Spellcasting   | 3 4 |  4.0
Fighting       | 1 3 4 |  4.0
Short Blades   | 1 2 3 4 5 |  5.2
Fire Magic     | 1 3 |  3.8
Dodging        | 2 3 |  3.0

Action                     |  1- 3 |  4- 6 |  7- 9 | 10-12 || total
---------------------------+-------+-------+-------+-------++-------
  Melee: Unarmed           |     4 |       |       |       ||     4
         Dagger            |    43 |    17 |    88 |     3 ||   151
         Hand axe          |     5 |    71 |       |       ||    76
         Punch             |       |     1 |       |       ||     1
         Lajatang          |       |       |    50 |       ||    50
         Quick blade       |       |       |       |    15 ||    15
   Cast: Sting             |    62 |    89 |    48 |     2 ||   201
         Mephitic Cloud    |       |     1 |     3 |     1 ||     5
         Olgreb's Toxic Ra |       |     4 |    29 |     4 ||    37
         Sticky Flame      |       |       |     4 |       ||     4
  Evoke: Wand              |       |       |     1 |       ||     1
    Use: Scroll            |       |     5 |     6 |       ||    11
         Potion            |       |       |     2 |       ||     2
   Stab: Sleeping          |       |     1 |     3 |       ||     4
         Confused          |       |       |       |     1 ||     1
 Armour: Robe              |    39 |    66 |    10 |       ||   115
         Leather armour    |       |       |    95 |    16 ||   111
  Dodge: Dodged            |    42 |    57 |    88 |     8 ||   195

Table legend: (Time is in decaauts)
 A = Elapsed time spent in this place.
 B = Non-inter-level travel time spent in this place.
 C = Inter-level travel time spent in this place.
 D = Time resting spent in this place.
 E = Time spent auto-exploring this place.
 F = Levels seen in this place.
 G = Mean time per level.
                   A        B        C        D        E       F      G
               +--------+--------+--------+--------+--------+-----+--------+
         Total |  10387 |   9779 |    608 |   2432 |   5679 |  10 | 1038.7 |
       Dungeon |   9904 |   9317 |    587 |   2148 |   5601 |   8 | 1238.0 |
        Temple |     47 |     26 |     21 |      0 |      0 |   1 |   47.0 |
        Bailey |    435 |    435 |      0 |    284 |     77 |   1 |  435.0 |
               +--------+--------+--------+--------+--------+-----+--------+

Top non-repeatable levels by time:
     D:3: 1593 daAuts
     D:2: 1545 daAuts
     D:4: 1453 daAuts
     D:5: 1416 daAuts
     D:1: 1218 daAuts
     D:7: 1171 daAuts
     D:6: 1105 daAuts
  Bailey: 435 daAuts
     D:8: 400 daAuts
  Temple: 47 daAuts
